 Dungeon Crawl Stone Soup version 0.29.1-12-g30fa7ad0bf (webtiles) character file.

Game seed: 16768856886510049319

65 raph the Magician (level 3, -7/24 HPs)
             Began as a Demonspawn Hedge Wizard on Dec 23, 2022.
             Killed from afar by an orc wizard (9 damage)
             ... with a magic dart
             ... on level 3 of the Dungeon.
             The game lasted 00:03:48 (2605 turns).

raph the Magician (Demonspawn Hedge Wizard)         Turns: 2605, Time: 00:03:49

Health: -7/24      AC:  3    Str: 10    XL:     3   Next: 92%
Magic:  0/7        EV: 12    Int: 17    God:
Gold:   42         SH:  5    Dex: 12    Spells: 3/8 levels left

rFire   . . .      SeeInvis .   a - +1 dagger
rCold   . . .      Faith    .   (no shield)
rNeg    . . .      Spirit   .   b - +0 robe
rPois   .          Reflect  +   c - +0 hat
rElec   .          Harm     .   (no cloak)
rCorr   .          Rampage  .   e - +0 pair of gloves
Will    .....                   (no boots)
Stlth   ++........              i - amulet of reflection
HPRegen 0.08/turn               (no ring)
MPRegen 0.10/turn               (no ring)

@: very slightly contaminated
A: horns 1
a: no special abilities


You were on level 3 of the Dungeon.
You visited 1 branch of the dungeon, and saw 3 of its levels.

You collected 90 gold pieces.
You spent 48 gold pieces at shops.

Inventory:

Hand Weapons
 a - a +1 dagger (weapon)
Armour
 b - a +0 robe (worn)
 c - a +0 hat (worn)
 e - a +0 pair of gloves (worn)
Magical Staves
 g - a staff of air
Jewellery
 i - an amulet of reflection (around neck)
Scrolls
 h - a scroll of teleportation {unknown}
Potions
 d - a potion of magic
 f - 3 potions of flight {unknown}
 j - a potion of invisibility {unknown}
 k - a potion of might {unknown}
 l - a potion of curing
 m - a potion of lignification {unknown}
 n - a potion of mutation {unknown}


   Skills:
 + Level 2.2 Dodging
 + Level 2.2 Stealth
 + Level 3.2 Spellcasting
 * Level 1.9 Conjurations
 * Level 2.0 Summonings
 - Level 1.1 Translocations


You had 3 spell levels left.
You knew the following spells:

 Your Spells              Type           Power      Damage    Failure   Level
a - Magic Dart            Conj           36%        1d4       8%          1
b - Call Imp              Summ           9%         N/A       11%         2
c - Blink                 Tloc           12%        N/A       16%         2

Your spell library contained the following spells:

 Spells                   Type           Power      Damage    Failure   Level
 Slow                     Hex            8%         N/A       17%         1
 Conjure Flame            Conj/Fire      6%         6-21      34%         3
 Mephitic Cloud           Conj/Pois/Air  5%         N/A       36%         3
 Ozocubu's Armour         Ice            2%         N/A       45%         3
 Metabolic Englaciation   Hex/Ice        1%         N/A       99%         5
 Simulacrum               Ice/Necr       1%         N/A       100%        6


Dungeon Overview and Level Annotations

Branches:
Dungeon (3/15)

Altars:

Shops:
D:2 !


Innate Abilities, Weirdness & Mutations

You have a pair of small horns on your head.


Message History

Aiming: Magic Dart (safe; 8% risk of failure)
Press: ? - help, Shift-Dir - straight line The magic dart hits something.
You hear some strange, mumbled words.
You are confused.
You completely miss something. Something hits you.
You bump into the rock wall.
Your crimson imp disappears in a puff of smoke!
Something hits you.
You miss something. Something hits you but does no damage.
You feel better.
You hear some strange, mumbled words.
Something tries to affect you, but you resist.
You closely miss something. Something hits you.
You hit something but do no damage. Something hits you.
You miss something. Your headbutt misses something.
You hear some strange, mumbled words.
Something tries to affect you, but you resist.
You closely miss something. You block something's attack.
You closely miss something. Something completely misses you.
Casting: Magic Dart (safe; 8% risk of failure)
Confirm with . or Enter, or press ? or * to list all spells.
You miscast Call Imp.
You are very lightly contaminated with residual magic.
Nothing appears to happen.
Something hits you.
You hit something but do no damage.
You hear some strange, mumbled words.
A magic dart appears from out of thin air!
The magic dart hits you!
You hit something. Your headbutt misses something. Your punch misses something.
Something hits you.
You closely miss something. Something hits you but does no damage.
You closely miss something. You headbutt something.
You hear some strange, mumbled words.
A puff of flame appears from out of thin air!
The puff of flame hits you!
* * * LOW HITPOINT WARNING * * *
A magic dart appears from out of thin air!
The magic dart hits you!
You die...

#.# ## # #.# .. .## #.#
..######..# #.#
.......##.# ##.#
#.....##.# #..#
#†.?..##.###.##
##.....##.##†.############
..........>...{.@........#
...#....##.############.##
...#..).##.# #.#
5####+####.# #####.## .#
#.# #......# .# #..
###'###### 5# ### #≈≈~≈≈#
o# #≈~≈~≈# o# #~≈~≈~#


There were no monsters in sight!

Vanquished Creatures
  An adder (D:2)
  A dart slug (D:1)
  2 orcs (D:3)
  5 bats
  2 endoplasms
  2 giant cockroaches
  2 goblins (D:2)
  A hobgoblin (D:2)
  A quokka (D:2)
  A ball python (D:1)
  6 frilled lizards
  2 rats (D:2)
26 creatures vanquished.

Vanquished Creatures (collateral kills)
  2 adders
  A worm (D:2)
  An orc (D:3)
  A hobgoblin (D:2)
  A kobold (D:2)
6 creatures vanquished.

Grand Total: 32 creatures vanquished

Notes
Turn   | Place    | Note
-------+----------+-------------------------------------------
     0 | D:1      | raph the Demonspawn Hedge Wizard began the quest for the
                  | Orb.
     0 | D:1      | Reached XP level 1. HP: 13/13 MP: 4/4
   183 | D:1      | Reached skill level 1 in Translocations
   446 | D:1      | Gained mutation: You have a pair of small horns on your
                  | head. [demonic ancestry]
   446 | D:1      | Reached XP level 2. HP: 19/19 MP: 0/6
   601 | D:1      | Found a faded altar of an unknown god.
   795 | D:2      | Learned a level 2 spell: Call Imp
  1765 | D:2      | Reached XP level 3. HP: 8/24 MP: 0/7
  1966 | D:2      | Learned a level 2 spell: Blink
  2083 | D:2      | Found Oseaghoin's Distillery.
  2130 | D:2      | Bought a potion of curing for 36 gold pieces
  2130 | D:2      | Bought a potion of degeneration for 12 gold pieces
  2605 | D:3      | Killed from afar by an orc wizard

Illustrated notes

Levels and vault maps discovered:
D:1:      minmay_arrival_glassed_features, layout_basic,
          shapermc_ecumenical_altar_mp_urbaneastern
D:2:      layout_rooms, serial_shops, nicolae_lakefront_shop
D:3:      layout_basic, old_standard_altar, overflow_temple_1_default,
          minmay_misc_feat_five, chequers_serial_rivers_room_b

Skill      XL: |  1  2  3 |
---------------+----------+-----
Translocations | 1 |  1.1
Stealth        | 2 |  2.2
Dodging        | 2 |  2.2
Summonings     | 2 |  2.0
Spellcasting   | |  3.2
Conjurations   | |  1.9

Action                   || total
-------------------------++-------
Melee: Dagger            ||    32
       Headbutt          ||     6
 Cast: Magic Dart        ||    68
       Call Imp          ||     7
  Use: Scroll            ||     4
       Potion            ||     1
 Stab: Sleeping          ||     1
Armor: Robe              ||    11
Dodge: Dodged            ||    23
Block: Other             ||     7
